 Bloatcrawl 2 version 0.50.1-497-g763ebf1 (webtiles) character file.

Game seed: 11237863947136892486, levelgen mode: deterministic

11100 Dorkslayer the Carver (level 11, -1/72 HPs)
             Began as an Angel Fighter on Dec 4, 2020.
             Was a High Priest of the Shining One.
             Engulfed by a cloud of flame (21 damage)
             ... on level 9 of the Dungeon.
             The game lasted 00:34:44 (7271 turns).

Dorkslayer the Carver (Angel Fighter)               Turns: 7271, Time: 00:34:46

Health: -1/72      AC: 15    Str: 19      XL:     11   Next: 72%
Magic:  17/17      EV:  5    Int:  3 (4)  God:    the Shining One [*****.]
Gold:   321        SH: 13    Dex: 22 (23) Spells: 10/10 levels left Game modifiers: x1.5 XP

rFire   . . .      SeeInvis +    r - +3 falchion "Angel's Peril" {vorpal, rPois MR+ Int-4 Dex+3}
rCold   . . .      Gourm    .    c - +1 kite shield
rNeg    + + .      Faith    +    i - +0 plate armour
rPois   +          Spirit   .    d - +0 helmet (curse)
rElec   +          Reflect  .    u - +0 cloak
rCorr   +          Harm     .    (no gloves)
MR      ++...                    (no boots)
Stlth   ..........               v - amulet of faith
HPRegen 0.22/turn                n - ring of stealth
MPRegen 0.15/turn                t - ring of resist corrosion

@: glowing
A: flight, see invisible, poison resistance, electricity resistance
a: Fly, Divine Shield, Cleansing Flame, Summon Divine Warrior, Renounce Religion


You were on level 9 of the Dungeon.
You worshipped the Shining One.
The Shining One was extremely pleased with you.
You were not hungry.

You visited 1 branch of the dungeon, and saw 9 of its levels.
You visited the Abyss 1 time.

You collected 531 gold pieces.
You spent 210 gold pieces at shops.

Inventory:

Hand Weapons
 a - a +0 long sword
 l - a +0 scimitar
 r - the +3 falchion "Angel's Peril" (weapon) {vorpal, rPois MR+ Int-4 Dex+3}
   (You found it on level 9 of the Dungeon)

   It inflicts extra damage upon your enemies.
   It affects your intelligence (-4).
   It affects your dexterity (+3).
   It protects you from poison.
   It affects your resistance to hostile enchantments.
Missiles
 p - 28 boomerangs (quivered)
 s - 5 silver boomerangs
Armour
 c - a +1 kite shield (worn)
 d - a cursed +0 helmet (worn)
 i - a +0 plate armour (worn)
 u - a +0 cloak (worn)
Jewellery
 g - an uncursed ring of positive energy
 n - a ring of stealth (left hand)
 t - a ring of resist corrosion (right hand)
 v - an amulet of faith (around neck)
Wands
 o - a wand of scattershot (4)
Scrolls
 b - 3 scrolls of teleportation
 j - 8 scrolls of remove curse
 k - a scroll of fear
 y - 2 scrolls of identify
Potions
 e - 2 potions of brilliance
Comestibles
 f - 11 rations
 m - 3 chunks of flesh


   Skills:
 + Level 5.9 Fighting
 + Level 10.1 Long Blades
 + Level 2.4 Throwing
 + Level 5.5 Armour
 + Level 1.9 Dodging
 + Level 0.4 Stealth
 + Level 8.0 Shields
 * Level 9.1 Invocations
 * Level 4.2 Evocations


You had 10 spell levels left.
You didn't know any spells.
Your spell library contained the following spells:

 Spells                   Type           Power        Failure   Level  Hunger
 Animate Skeleton         Necr           N/A          100%        1    ##.....
 Apportation              Tloc           #.....       100%        1    ##.....
 Corona                   Hex            #......      100%        1    ##.....
 Summon Small Mammal      Summ           #...         100%        1    ##.....


Dungeon Overview and Level Annotations

Branches:
Dungeon (9/15)             Temple (0/1) D:5
   Lair: D:8-11         Orc: D:9-12

Altars:
Cheibriados
Dithmenos
Kikubaaqudgha
Okawaru
Qazlal
Ru
Wu Jian
The Shining One

Shops:
D:8 [


Innate Abilities, Weirdness & Mutations

You can fly at any time.
You have supernaturally acute eyesight. (SInv)
Your system is resistant to poisons. (rPois)
You are resistant to electric shocks. (rElec)


Message History

The big kobold explodes!
The fiery explosion engulfs the big kobold!!!
The big kobold explodes!
The fiery explosion engulfs the big kobold!!
The big kobold explodes!
The fiery explosion engulfs the big kobold!
The big kobold is moderately wounded.
The fiery explosion engulfs the kobold demonologist!!
The kobold demonologist is severely wounded.
The fiery explosion engulfs the big kobold!!
You kill the big kobold!
You feel your strength returning.
Your Evocations skill increases to level 4!
The Shining One accepts your kill.
You feel better.
You feel your intelligence returning.
Your Shields skill increases to level 8!
Your Invocations skill increases to level 9!
You are engulfed in blazing flames.
You die...

# # ######## #
#####§%.%.%# ####
#..@○○§§...######...
#.##○§§##..#..##....
###§§§§§##.....#....
#P§#§#§K#....#.....
#⌠.#.#.⌠#..).......
###P.#.#.K#..........
#.##.....###((.......
#..##.=)####(........
#...#####.........#..


You could see a kobold demonologist.

Vanquished Creatures
  Pikel (D:6)
  The ghost of abdallah the Thaumaturge, a novice DEAn of Vehumet (D:9)
  Maggie (D:8)
  The ghost of abdallah the Magician, a novice DEAn of Vehumet (D:6)
  A hornet (D:9)
  A wyvern (D:9)
  5 yaks (D:9)
  A ynoxinul (D:6)
  A hungry ghost (D:3)
  Duvessa (D:6)
  A sky beast (D:6)
  3 orc warriors
  2 phantoms
  2 ice beasts (D:6)
  A slave (D:6)
  5 ogres
  5 centaurs
  15 big kobolds
  3 bullfrogs
  Dowan (D:6)
  5 howler monkeys
  3 crimson imps
  A hound (D:8)
  5 quasits
  Crazy Yiuf (D:7)
  A gnoll shaman (D:6)
  7 orc priests
  10 orc wizards
  A centaur skeleton (D:9)
  4 iguanas
  4 worker ants
  A killer bee zombie (D:6)
  2 hound skeletons (D:5)
  A worker ant zombie (D:8)
  A howler monkey zombie (D:5)
  12 gnolls
  16 adders
  A shadow imp (D:5)
  An ooze (D:3)
  2 adder skeletons
  An adder zombie (D:8)
  3 worms
  2 dart slugs (D:1)
  6 leopard geckos
  52 orcs
  A ball python (D:3)
  5 giant cockroaches
  8 goblins
  10 hobgoblins
  3 jackals
  13 kobolds
  2 quokkas
  7 bats
  5 frilled lizards
  A goblin zombie (D:8)
  A hobgoblin zombie (D:8)
  4 kobold skeletons (D:8)
  2 kobold zombies (D:8)
  A leopard gecko skeleton (D:4)
  4 orc skeletons (D:8)
  2 orc zombies (D:8)
  8 rats
272 creatures vanquished.

Vanquished Creatures (collateral kills)
  A big kobold (D:6)
1 creature vanquished.

Vanquished Creatures (others)
  A big kobold (D:6)
  A hound (D:6)
  An orc (D:6)
  2 plants (D:9)
5 creatures vanquished.

Grand Total: 278 creatures vanquished

Notes
Turn   | Place    | Note
-------+----------+-------------------------------------------
     0 | D:1      | Dorkslayer the Angel Fighter began the quest for the Orb.
     0 | D:1      | Reached XP level 1. HP: 16/16 MP: 1/1
    29 | D:1      | Reached XP level 2. HP: 20/21 MP: 2/2
   116 | D:1      | Reached XP level 3. HP: 19/26 MP: 3/3
   458 | D:2      | Reached XP level 4. HP: 24/31 MP: 4/4
   560 | D:2      | Reached skill level 1 in Invocations
   560 | D:2      | Reached XP level 5. HP: 33/36 MP: 5/5
   601 | D:2      | Reached skill level 3 in Long Blades
   632 | D:2      | Reached ** piety under the Shining One
   928 | D:3      | Reached XP level 6. HP: 17/42 MP: 5/7
  1358 | D:3      | Noticed a hungry ghost
  1381 | D:3      | Killed a hungry ghost
  1381 | D:3      | Reached skill level 4 in Long Blades
  1381 | D:3      | Gained mutation: You are resistant to electric shocks.
                  | (rElec) [Angel growth]
  1381 | D:3      | Reached XP level 7. HP: 43/47 MP: 7/9
  2023 | D:4      | Reached skill level 1 in Dodging
  2246 | D:4      | Found an ornate altar of the Wu Jian Council.
  2382 | D:4      | Reached XP level 8. HP: 53/54 MP: 9/11
  2570 | D:5      | Entered Level 5 of the Dungeon
  2594 | D:5      | Reached *** piety under the Shining One
  2594 | D:5      | Reached skill level 5 in Long Blades
  2594 | D:5      | Reached skill level 1 in Throwing
  2737 | D:5      | Found a staircase to the Ecumenical Temple.
  3020 | D:5      | Found a sacrificial altar of Ru.
  3634 | D:6      | Reached skill level 6 in Long Blades
  3643 | D:6      | Reached skill level 5 in Shields
  3643 | D:6      | Reached skill level 1 in Evocations
  3643 | D:6      | Reached XP level 9. HP: 58/59 MP: 12/12
  3656 | D:6      | Reached skill level 5 in Invocations
  3675 | D:6      | Noticed Duvessa
  3675 | D:6      | Noticed Dowan
  3705 | D:6      | Killed Duvessa
  3720 | D:6      | Killed Dowan
  3958 | D:6      | Found a runed translucent gate.
  3958 | D:6      | Noticed abdallah's ghost (novice DEAn)
  3984 | D:6      | Found a runed translucent gate.
  3985 | D:6      | Found a runed translucent gate.
  4002 | D:6      | Reached **** piety under the Shining One
  4009 | D:6      | Reached skill level 7 in Long Blades
  4030 | D:6      | Found a shadowy altar of Dithmenos.
  4123 | D:6      | Noticed Pikel
  4153 | D:6      | Killed Pikel
  4153 | D:6      | Reached XP level 10. HP: 48/65 MP: 14/14
  4234 | D:6      | Reached skill level 8 in Long Blades
  4247 | D:6      | Killed abdallah's ghost
  4247 | D:6      | Reached skill level 5 in Fighting
  4276 | D:6      | Cast into level 1 of the Abyss (big kobold)
  4299 | D:6      | Escaped the Abyss
  4647 | D:7      | Reached skill level 5 in Armour
  4787 | D:7      | Found a runed translucent door.
  4788 | D:7      | Noticed Crazy Yiuf
  4798 | D:7      | Killed Crazy Yiuf
  4838 | D:7      | Reached skill level 9 in Long Blades
  6055 | D:8      | Reached XP level 11. HP: 69/72 MP: 16/16
  6113 | D:8      | Noticed Maggie
  6130 | D:8      | Killed Maggie
  6156 | D:8      | Found a glowing golden altar of the Shining One.
  6191 | D:8      | Reached ***** piety under the Shining One
  6323 | D:8      | Found Titac's Antique Armour Boutique.
  6331 | D:8      | Bought a glowing helmet for 210 gold pieces
  6675 | D:9      | Found an ancient bone altar of Kikubaaqudgha.
  6675 | D:9      | Found an iron altar of Okawaru.
  6675 | D:9      | Found a stormy altar of Qazlal.
  6675 | D:9      | Found a snail-covered altar of Cheibriados.
  6908 | D:9      | Got an ichor-stained falchion
  6909 | D:9      | Identified the +3 falchion "Angel's Peril" {vorpal, rPois
                  | MR+ Int-4 Dex+3} (You found it on level 9 of the Dungeon)
  7188 | D:9      | Found a runed translucent gate.
  7188 | D:9      | Found a runed translucent gate.
  7188 | D:9      | Found a runed translucent gate.
  7189 | D:9      | Noticed abdallah's ghost (novice DEAn)
  7271 | D:9      | Killed abdallah's ghost
  7271 | D:9      | Reached skill level 10 in Long Blades
  7271 | D:9      | Engulfed by a cloud of flame

Levels and vault maps discovered:
D:1:      saegor_arrival_miasma, layout_basic, minmay_tree_intersection,
          minmay_pentomino_r4
D:2:      layout_rooms, first_ration, grunt_ministairs_13
D:3:      layout_loops_corners, kennysheep_generic_room_2
D:4:      layout_basic, nicolae_overflow_crystal_walls,
          chequers_serial_rivers_micro_d
D:5:      layout_loops_corners, minmay_temple_entry_slanted,
          nicolae_ru_the_path_less_chosen
D:6:      layout_basic, kennysheep_little_box, gammafunk_ghost_nasty_kobolds,
          uniq_duvessa, uniq_pikel
D:7:      layout_loops_cross, uniq_crazy_yiuf_cottage
D:8:      layout_loops_corners, nicolae_tso_besieged_by_evil, serial_shops,
          nicolae_shop_stone, uniq_maggie
D:9:      layout_cave_pools, grunt_temple_overflow_open,
          gammafunk_ghost_nasty_kobolds

Skill      XL: |  1  2  3  4  5  6  7  8  9 10 11 |
---------------+----------------------------------+-----
Armour         | 3 4 5 |  5.5
Invocations    | 1 3 4 6 7 9 |  9.1
Long Blades    | 3 4 6 7 9 10 | 10.1
Shields        | 4 5 6 8 |  8.0
Dodging        | 1 |  1.9
Fighting       | 4 5 |  5.9
Throwing       | 1 2 |  2.4
Evocations     | 1 2 3 4 |  4.2
Stealth        | |  0.4

Action                   |  1- 3 |  4- 6 |  7- 9 | 10-12 || total
-------------------------+-------+-------+-------+-------++-------
Melee: Long sword        |    52 |   122 |   365 |   223 ||   762
       Scimitar          |       |       |       |   151 ||   151
       Falchion          |       |       |       |    79 ||    79
Throw: Boomerang         |       |    16 |    44 |    19 ||    79
Invok: Divine Shield     |       |       |       |     7 ||     7
       Cleansing Flame   |       |       |       |     2 ||     2
Evoke: Wand              |       |       |     2 |     2 ||     4
  Use: Scroll            |       |       |    10 |     3 ||    13
       Potion            |       |       |     1 |    12 ||    13
  Eat: Chunk             |       |     8 |     5 |     2 ||    15
       Ration            |       |     1 |     1 |     3 ||     5
Armor: Scale mail        |    16 |       |       |       ||    16
       Chain mail        |    11 |    97 |   129 |    54 ||   291
       Plate armour      |       |       |       |   132 ||   132
Dodge: Dodged            |     7 |    27 |    68 |    66 ||   168
Block: Kite shield       |    19 |    78 |   180 |   383 ||   660
       Rpst.: Long sword |       |     8 |    23 |     9 ||    40
       Scimitar          |       |       |       |     5 ||     5
       Falchion          |       |       |       |     1 ||     1
